 Dungeon Sprint DCSS version 0.28-a0-258-g8de209e91f (webtiles) character file.

Game seed: 775683075933149935

85 nicanaca0 the Grappler (level 4, -5/40 HPs)
             Began as a Ghoul Monk on Aug 26, 2021.
             Slain by an orc priest (7 damage)
             ... in the Dungeon (Sprint IX: "|||||||||||||||||||||||||||||").
             The game lasted 00:00:29 (145 turns).

nicanaca0 the Grappler (Ghoul Monk)                  Turns: 145, Time: 00:00:29

Health: -5/40      AC:  2    Str: 14    XL:     4   Next: 48%
Magic:  3/3        EV: 12    Int:  6    God:
Gold:   0          SH:  0    Dex: 11    Spells: 3/3 levels left

rFire   . . .      SeeInvis .     - Unarmed
rCold   + . .      Faith    .   (no shield)
rNeg    + + +      Spirit   .   a - +0 robe
rPois   ∞          Reflect  .   (no helmet)
rElec   .          Harm     .   (no cloak)
rCorr   .          Rampage  .   (no gloves)
Will    .....      NoTele   +   (no boots)
Stlth   ++........              (no amulet)
HPRegen 0.00/turn               (no ring)
MPRegen 0.08/turn               (no ring)

@: inhibited regen, hasted, very quick
A: claws 1, cold resistance 1, negative energy resistance 3, inhibited
regeneration, torment resistance 2
a: no special abilities


You were in the Dungeon.
You visited 1 branch

Inventory:

Armour
 a - a +0 robe (worn)
Scrolls
 f - a scroll of blinking
Potions
 b - a potion of curing {@q1}
 e - 2 potions of magic


   Skills:
 - Level 3.8 Fighting
 - Level 3.1 Dodging
 - Level 3.0 Stealth
 * Level 9.2 Unarmed Combat


You had 3 spell levels left.
You didn't know any spells.
Your spell library was empty.

Dungeon Overview and Level Annotations

Branches:
Dungeon (1/1)

Altars:


Innate Abilities, Weirdness & Mutations

You thrive by killing the living.
You are immune to poison.
You have sharp fingernails.
Your flesh is cold resistant. (rC+)
You are immune to negative energy. (rN+++)
You do not regenerate when monsters are visible.
You are immune to unholy pain and torment.


Message History

You barely miss the centaur.
The centaur is moderately wounded.
The centaur closely misses you.
The centaur kicks you but does no damage.
You scratch the centaur.
The centaur is heavily wounded.
The centaur closely misses you. The centaur misses you.
You scratch the centaur.
The centaur is severely wounded.
The centaur hits you but does no damage.
The centaur barely misses you.
You scratch the centaur but do no damage.
The centaur is severely wounded.
The centaur closely misses you. x2
You barely miss the centaur.
The centaur is severely wounded.
You scratch the centaur.
The centaur is severely wounded.
The centaur closely misses you. The centaur misses you.
You scratch the centaur. You claw the centaur.
You kill the centaur!
You feel better.
The orc priest calls down the wrath of Beogh upon you.
Beogh smites you!
Ouch! That really hurt!
* * * LOW HITPOINT WARNING * * *
Your Unarmed Combat skill gained 6 levels and is now at level 9!
You have reached level 2!
You have reached level 3!
Your experience leads to an increase in your attributes!
Increase (s)trength, (i)ntelligence, or (d)exterity?
You feel clever.
You have reached level 4!
You scratch the jackal skeleton but do no damage.
The jackal skeleton is severely damaged.
The jackal skeleton closely misses you.
You scratch the jackal skeleton.
You destroy the jackal skeleton!
The orc priest hits you with a +0 hand axe!
You die... ▓▓▓▓▓▓▓▓▓▓▓▓▓▓▓▓▓▓ ▓<...')....@oJ.S.+ ▓▓▓▓▓▓▓▓▓▓▓▓▓▓▓▓▓▓

You could see a water moccasin, a jelly and an orc priest.

Vanquished Creatures
  A centaur (D)
  A ball python (D)
  2 bats (D)
  An endoplasm (D)
  A goblin (D)
  A jackal skeleton (D)
7 creatures vanquished.

Notes
Turn   | Place    | Note
-------+----------+-------------------------------------------
     0 | D        | nicanaca0 the Ghoul Monk began the quest for the Orb.
     0 | D        | Reached XP level 1. HP: 19/19 MP: 0/0
   125 | D        | Noticed a centaur
   125 | D        | Noticed an orc priest
   125 | D        | Noticed a jelly
   125 | D        | Noticed a water moccasin
   142 | D        | Killed a centaur
   142 | D        | HP: 1/20 [orc priest/divine providence (11)]
   143 | D        | Reached skill level 9 in Unarmed Combat
   143 | D        | Reached XP level 2. HP: 1/27 MP: 1/1
   143 | D        | Reached XP level 3. HP: 1/33 MP: 2/2
   143 | D        | Reached XP level 4. HP: 2/40 MP: 3/3
   145 | D        | Slain by an orc priest

Illustrated notes

Levels and vault maps discovered:
D:        linesprint [early_d, line_temple, items_1, d_10, items_2, lair_1,
          lair_end, items_3, orc_1, orc_end, items_4, d_15, swamp_1, shoals_1,
          snake_1, spider_1, d_20, vaults_1, items_5, swamp_end, shoals_end,
          snake_end, spider_end, vaults_end, d_27, items_6, zot_1, zot_end,
          crypt_end, forest_end, elf_end, slime_end, tomb_end, abyss_end,
          pan_hell_end]

Skill      XL: |  1 |
---------------+----+-----
Dodging        | 3 |  3.1
Stealth        | 3 |  3.0
Unarmed Combat | 9 |  9.2
Fighting       | |  3.8

Action                   |  1- 3 |  4- 6 || total
-------------------------+-------+-------++-------
Melee: Unarmed           |    37 |     2 ||    39
       Punch             |     1 |       ||     1
  Use: Potion            |     2 |       ||     2
Armor: Robe              |    11 |       ||    11
Dodge: Dodged            |    34 |     1 ||    35

Table legend: (Time is in decaauts)
 A = Elapsed time spent in this place.
 B = Non-inter-level travel time spent in this place.
 C = Inter-level travel time spent in this place.
 D = Time resting spent in this place.
 E = Time spent auto-exploring this place.
 F = Levels seen in this place.
 G = Mean time per level.
                   A        B        C        D        E       F      G
               +--------+--------+--------+--------+--------+-----+--------+
         Total |    138 |    138 |      0 |     91 |      0 |   1 |  138.0 |
       Dungeon |    138 |    138 |      0 |     91 |      0 |   1 |  138.0 |
               +--------+--------+--------+--------+--------+-----+--------+

Top non-repeatable levels by time:
       D: 138 daAuts
